 Seeded DCSS version 0.31-a0-631-g285b096dc4 (webtiles) character file.

Game seed: 12071818206176144578 (custom seed)

693 Juicyj the Poker (level 7, -1/55 HPs)
             Began as a Demonspawn Gladiator on Aug 24, 2023.
             Was an Initiate of Jiyva.
             Slain by a kobold
             ... wielding a +1 dagger of electrocution
              (13 damage)
             ... on level 6 of the Dungeon on Aug 25, 2023.
             The game lasted 00:07:15 (3616 turns).

Juicyj the Poker (Demonspawn Gladiator)             Turns: 3616, Time: 00:07:16

Health: -1/55      AC: 17    Str: 16    XL:     7   Next: 37%
Magic:  7/7        EV: 12    Int:  9    God:    Jiyva [......]
Gold:   85         SH:  4    Dex: 15    Spells: 6/6 levels left

rFire   . . .        a - +0 trident
rCold   + . .        (no shield)
rNeg    . . .        q - +3 ring mail {rC+}
rPois   +            C - +2 helmet
rElec   .            (no cloak)
rCorr   .            (no gloves)
SInv    .            (no boots)
Will    .....        (no amulet)
Stlth   +            j - +4 ring of protection
HPRegen 0.29/turn    n - ring of poison resistance
MPRegen 0.10/turn

%: no passive effects
@: very slow
A: slimy green scales 1, powered by pain 2, condensation shield, demonic touch 2
a: Renounce Religion


You were on level 6 of the Dungeon.
You worshipped Jiyva.
Jiyva was noncommittal.
You visited 1 branch of the dungeon, and saw 6 of its levels.
You also visited: Sewer.

You collected 295 gold pieces.
You spent 210 gold pieces at shops.

Inventory:

Hand Weapons
 a - a +0 trident (weapon)
Missiles
 e - a javelin
Armour
 b - a +0 leather armour
 c - a +0 helmet
 q - a +3 ring mail of cold resistance (worn)
 C - a +2 helmet (worn)
Jewellery
 g - an amulet of magic regeneration
 j - a +4 ring of protection (left hand)
 n - a ring of poison resistance (right hand)
 r - a ring of willpower
 y - a ring of positive energy
 A - a ring of protection from cold
Wands
 d - a wand of polymorph (14)
 x - a wand of quicksilver (13)
Scrolls
 h - a scroll of enchant armour
 l - a scroll of revelation {unknown}
 m - 2 scrolls of immolation
 p - a scroll of enchant weapon {unknown}
 s - a scroll of amnesia
 t - a scroll of blinking {unknown}
 v - a scroll of butterflies
 F - a scroll of fog {unknown}
 G - a scroll of teleportation
Potions
 f - 3 potions of heal wounds {unknown}
 i - 3 potions of mutation {unknown}
 k - 2 potions of berserk rage {unknown}
 u - 3 potions of haste {unknown}
 w - a potion of cancellation {unknown}
 z - 2 potions of curing {unknown}
 B - a potion of attraction {unknown}
 D - a potion of invisibility {unknown}
 E - 2 potions of might {unknown}


   Skills:
 + Level 4.4 Fighting
 + Level 4.5 Polearms
 + Level 4.1 Throwing
 + Level 4.5 Dodging


You had 6 spell levels left.
You didn't know any spells.
Your spell library contained the following spells:

 Spells                   Type           Power      Damage    Failure   Level
 Necrotise                Necr           0%         1d4       61%         1
 Slow                     Hex            0%         N/A       61%         1
 Confusing Touch          Hex            0%         N/A       93%         3
 Frozen Ramparts          Ice            0%         1d1       93%         3
 Ozocubu's Armour         Ice            0%         N/A       93%         3
 Portal Projectile        Hex/Tloc       0%         N/A       93%         3
 Tukima's Dance           Hex            0%         N/A       93%         3
 Vampiric Draining        Necr           0%         2d6       93%         3
 Iskenderun's Mystic Bla  Conj/Tloc      0%         2d3       100%        4
 Petrify                  Tmut/Erth      0%         N/A       100%        4
 Agony                    Necr           0%         N/A       100%        5
 Metabolic Englaciation   Hex/Ice        0%         N/A       100%        5
 Ozocubu's Refrigeration  Ice            0%         4d7       100%        7


Dungeon Overview and Level Annotations

Branches:
Dungeon (6/15)              Sewer (visited)
 Temple: D:4-7

Altars:
Dithmenos
Nemelex Xobeh
Qazlal
Ru
Vehumet
Wu Jian
Xom

Shops:
D:6 [


Innate Abilities, Weirdness & Mutations

You are partially covered in slimy green scales. (AC +2)
You sometimes gain power by taking damage.
A meltable shield of frost defends you. (SH +4)
Your touch may inflict irresistible damage on your foes.


Message History

You barely miss the kobold brigand.
The kobold brigand is moderately wounded.
The kobold brigand hits you but does no damage.
You puncture the kobold brigand!
The kobold brigand is severely wounded.
The kobold brigand hits you but does no damage.
You puncture the kobold brigand!
The kobold brigand is almost dead.
The kobold brigand closely misses you.
Your unstable footing causes you to fumble your attack.
The kobold brigand hits you but does no damage.
You hit the kobold brigand.
You kill the kobold brigand!
Your unstable footing causes you to fumble your attack.
The kobold closely misses you.
Your unstable footing causes you to fumble your attack.
The kobold hits you but does no damage.
You are electrocuted!
You block the kobold's attack.
Your unstable footing causes you to fumble your attack.
The kobold hits you but does no damage.
You are electrocuted!!
You are too injured to fight recklessly!
You are too injured to fight recklessly!
You are too injured to fight recklessly!
You are too injured to fight recklessly!
You are too injured to fight recklessly!
You are too injured to fight recklessly!
You are too injured to fight recklessly!
You are too injured to fight recklessly!
You are too injured to fight recklessly!
You are too injured to fight recklessly!
You are too injured to fight recklessly!
You are too injured to fight recklessly!
You hit the kobold but do no damage. The kobold hits you but does no damage.
Your unstable footing causes you to fumble your attack.
The kobold hits you but does no damage.
You are electrocuted!
* * * LOW HITPOINT WARNING * * *
You hit the kobold. Your touch misses the kobold.
The kobold is severely wounded.
The kobold hits you but does no damage.
You are electrocuted!
You die...

##### ##..
##~..###~~.
#~~..~##~.~
#†≈#≈.≈#≈.#
#~≈#≈.≈#≈.#
#~≈#≈.≈#≈~#
#~≈#≈.≈#≈K# ###
#~≈#≈~≈#≈@# ..##
#~≈#≈~≈#≈~# ...##
##..##~..~~#
....###~.~###..~##
........~## #####
........## #.##
.......## #..#
.......# ##.##
......## #..#


You could see a kobold.

Vanquished Creatures
  A black bear (D:4)
  An ogre (D:4)
  A kobold brigand (D:6)
  3 jellies
  A hound (D:4)
  An orc priest (D:5)
  An iguana (D:3)
  Ijyb (D:4)
  A sleepcap (D:6)
  Robin (D:4)
  4 gnolls (D:4)
  4 adders
  A river rat (Sewer)
  A white imp (D:6)
  An ufetubus (D:4)
  3 worms
  5 orcs
  6 endoplasms
  6 giant cockroaches
  16 goblins
  7 hobgoblins
  8 kobolds
  7 quokkas
  8 ball pythons
  4 bats
  2 frilled lizards
  8 rats
103 creatures vanquished.

Notes
Turn   | Place    | Note
-------+----------+-------------------------------------------
     0 | D:1      | Juicyj the Demonspawn Gladiator began the quest for the
                  | Orb.
     0 | D:1      | Reached XP level 1. HP: 16/16 MP: 1/1
   261 | D:1      | Gained mutation: Your touch may inflict minor irresistible
                  | damage on your foes. [demonic ancestry]
   261 | D:1      | Reached XP level 2. HP: 22/22 MP: 2/2
   264 | D:1      | Found a faded altar of an unknown god.
   774 | D:2      | Upgraded the game from 0.31-a0-626-g8143ab4f1d to
                  | 0.31-a0-631-g285b096dc4
   913 | D:2      | Gained mutation: Your touch may inflict irresistible damage
                  | on your foes. [demonic ancestry]
   913 | D:2      | Reached XP level 3. HP: 28/28 MP: 3/3
  1384 | D:3      | Gained mutation: You sometimes gain a little power by
                  | taking damage. [demonic ancestry]
  1384 | D:3      | Reached XP level 4. HP: 27/34 MP: 4/4
  1821 | D:4      | Noticed a black bear
  1833 | D:4      | Killed a black bear
  1834 | D:4      | Gained mutation: You are partially covered in slimy green
                  | scales. (AC +2) [demonic ancestry]
  1834 | D:4      | Reached XP level 5. HP: 41/41 MP: 5/5
  1961 | D:4      | Noticed Ijyb
  2095 | D:4      | Killed Ijyb
  2122 | D:4      | Found a shadowy altar of Dithmenos.
  2123 | D:4      | Noticed Robin
  2139 | D:4      | Gained mutation: You sometimes gain power by taking damage.
                  | [demonic ancestry]
  2139 | D:4      | Reached XP level 6. HP: 47/47 MP: 6/6
  2148 | D:4      | Killed Robin
  2779 | D:4      | Found a radiant altar of Vehumet.
  2779 | D:4      | Found a shimmering altar of Xom.
  2813 | D:4      | Found a sparkling altar of Nemelex Xobeh.
  2823 | D:4      | Found a stormy altar of Qazlal.
  2883 | D:4      | Found an ornate altar of the Wu Jian Council.
  2884 | D:4      | Found a sacrificial altar of Ru.
  2914 | D:5      | Entered Level 5 of the Dungeon
  3044 | D:5      | You fall into a shaft and drop 1 floor!
  3044 | D:6      | Found Madoeb's Antique Armour Shop.
  3046 | D:6      | Bought a shiny helmet for 210 gold pieces
  3117 | D:6      | Gained mutation: A meltable shield of frost defends you.
                  | (SH +4) [demonic ancestry]
  3117 | D:6      | Reached XP level 7. HP: 43/54 MP: 7/7
  3214 | D:6      | Found a glowing drain.
  3226 | Sewer    | Entered a sewer
  3563 | Sewer    | Found a viscous altar of Jiyva.
  3575 | Sewer    | Became a worshipper of Jiyva Joaly the Shapeless
  3616 | D:6      | Slain by a kobold

Illustrated notes

Levels and vault maps discovered:
D:1:      dpeg_arrival_boxes_within_box, layout_loops_ring,
          basic_ecumenical_altar, minmay_small_reverse_x
D:2:      layout_basic, serial_corexii_hall, corexii_hall_statues_t,
          corexii_hall_statues_s
D:3:      layout_rooms
D:4:      layout_loops_cross, mainiacjoe_overflow_24_doors,
          nicolae_overflow_hallway_of_the_gods, serial_bayou,
          serial_bayou_lagoon_b, serial_bayou_pond_e, serial_bayou_lagoon_a,
          serial_bayou_crossing, uniq_ijyb, uniq_robin
D:5:      dreamdust_elfheim, layout_rooms
D:6:      layout_cave_pods, gup_sewer_entry_pipe, serial_shops, shop, shop,
          shop, nicolae_shop_tiny_glass, nicolae_shop_trees, corner_web_ring,
          chequers_serial_rivers_marsh, minmay_manual_monstrance

Skill      XL: |  1  2  3  4  5  6  7 |
---------------+----------------------+-----
Throwing       | 2 3 4 |  4.1
Polearms       | 3 4 |  4.5
Dodging        | 3 4 |  4.5
Fighting       | 3 4 |  4.4

Action                     |  1- 3 |  4- 6 |  7- 9 || total
---------------------------+-------+-------+-------++-------
  Melee: Trident           |   102 |   113 |   127 ||   342
         Touch             |    14 |    18 |    11 ||    43
         Unarmed           |       |    15 |       ||    15
         Punch             |       |     2 |     2 ||     4
  Throw: Throwing net      |       |     5 |       ||     5
    Use: Scroll            |       |       |     5 ||     5
   Stab: Held in net/web   |       |     3 |       ||     3
 Armour: Leather armour    |    23 |       |       ||    23
         Ring mail         |     2 |    34 |    40 ||    76
         Skin              |       |     3 |       ||     3
  Dodge: Dodged            |    41 |    74 |    59 ||   174
  Block: Other             |       |       |    17 ||    17

Table legend: (Time is in decaauts)
 A = Elapsed time spent in this place.
 B = Non-inter-level travel time spent in this place.
 C = Inter-level travel time spent in this place.
 D = Time resting spent in this place.
 E = Time spent auto-exploring this place.
 F = Levels seen in this place.
 G = Mean time per level.
                   A        B        C        D        E       F      G
               +--------+--------+--------+--------+--------+-----+--------+
         Total |   3714 |   3552 |    162 |     61 |   2710 |   7 |  530.6 |
       Dungeon |   3321 |   3159 |    162 |     61 |   2457 |   6 |  553.5 |
         Sewer |    392 |    392 |      0 |      0 |    253 |   1 |  392.0 |
               +--------+--------+--------+--------+--------+-----+--------+

Top non-repeatable levels by time:
     D:4: 1162 daAuts
     D:1: 779 daAuts
     D:2: 555 daAuts
     D:3: 474 daAuts
   Sewer: 392 daAuts
     D:6: 220 daAuts
     D:5: 131 daAuts
